 Dungeon Crawl Stone Soup version 0.21.1-1-g345015fe64 (webtiles) character file.

162 LevaFresel the Shooter (level 5, -1/35 HPs)
             Began as a Halfling Hunter on June 4, 2018.
             Slain by a hound (2 damage)
             ... on level 3 of the Dungeon.
             The game lasted 00:04:51 (1097 turns).

LevaFresel the Shooter (Halfling Hunter)            Turns: 1097, Time: 00:04:52

Health: -1/35      AC:  5    Str: 14    XL:     5   Next: 71%
Magic:  5/5        EV: 14    Int:  9    God:
Gold:   69         SH:  0    Dex: 15    Spells: 4/4 levels left

rFire    . . .     SeeInvis .   b - +0 short sword
rCold    . . .     Gourm    .   (shield restricted)
rNeg     . . .     Faith    .   j - +0 ring mail
rPois    .         Spirit   .   (no helmet)
rElec    .         Reflect  .   (no cloak)
rCorr    .         Harm     .   (no gloves)
MR       .....                  (no boots)
Stlth    +.........             (no amulet)
HPRegen  0.11/turn              (no ring)
MPRegen  0.09/turn              (no ring)

@: no status effects
A: small, mutation resistance 1
a: no special abilities


You were on level 3 of the Dungeon.
You were hungry.

You visited 1 branch of the dungeon, and saw 4 of its levels.

You collected 69 gold pieces.

Inventory:

Hand Weapons
 a - a +1 shortbow
 b - a +0 short sword (weapon)
Missiles
 d - 33 arrows
Armour
 c - a +0 pair of gloves
 j - a +0 ring mail (worn)
Jewellery
 h - an uncursed ring of protection from fire {unknown}
Scrolls
 g - a scroll of enchant weapon {unknown}
 i - 2 scrolls of teleportation {unknown}
Potions
 e - 2 potions of brilliance {unknown}
 k - a potion of heal wounds {unknown}
Comestibles
 f - 2 rations


   Skills:
 + Level 2.7 Fighting
 + Level 1.8 Short Blades
 * Level 5.5 Bows
 + Level 3.3 Dodging
 - Level 2.0 Stealth


You had 4 spell levels left.
You didn't know any spells.

Dungeon Overview and Level Annotations

Branches:
Dungeon (4/15)
 Temple: D:4-7

Altars:
Kikubaaqudgha

Annotations:
D:3 Grinder


Innate Abilities, Weirdness & Mutations

You are small and have problems with some larger weapons.
You are somewhat resistant to further mutation.


Message History

Terminal's ghost is almost destroyed.
Terminal's ghost misses you.
You hit terminal's ghost.
Terminal's ghost is almost destroyed.
Terminal's ghost hits you but does no damage.
You hit terminal's ghost.
You destroy terminal's ghost!
Your Short Blades skill increases to level 1!
Your Bows skill increases to level 5!
Your Dodging skill increases to level 3!
You have reached level 4!
You have reached level 5!
You feel agile. The hound bites you.
* * * LOW HITPOINT WARNING * * *
You closely miss the hound. The hound misses you.
You hit the hound.
The hound is lightly wounded.
The hound bites you.
You die...

#5# .# #S# ## ..# ######
..# ##.... ##.
####..#######
........>...# (
#####..####.########..(.
....#.## #.....@h((((#
.≈_.#.# ##########.##
≈...#.# ≈...#.# ≈≈.##.##
≈..##..# ≈...#..#
≈.⌠....# †...##.#


You could see a hound.

Vanquished Creatures
  The ghost of terminal the Shooter, an amateur HaHu (D:3)
  2 adders (D:3)
  An adder skeleton (D:2)
  A dart slug (D:1)
  A leopard gecko (D:1)
  An orc (D:3)
  2 giant cockroaches
  2 goblins
  A hobgoblin (D:1)
  A quokka (D:3)
  4 bats
  4 kobolds
  3 rats (D:1)
24 creatures vanquished.

Notes
Turn   | Place    | Note
-------+----------+-------------------------------------------
     0 | D:1      | LevaFresel the Halfling Hunter began the quest for the Orb.
     0 | D:1      | Reached XP level 1. HP: 14/14 MP: 1/1
   156 | D:1      | Reached XP level 2. HP: 19/19 MP: 2/2
   724 | D:3      | Noticed Grinder
   902 | D:2      | Reached XP level 3. HP: 23/24 MP: 3/3
   976 | D:3      | Found an ancient bone altar of Kikubaaqudgha.
  1078 | D:3      | Noticed terminal's ghost (amateur HaHu)
  1090 | D:3      | HP: 1/24 [terminal's ghost (1)]
  1095 | D:3      | Killed terminal's ghost
  1095 | D:3      | Reached skill level 1 in Short Blades
  1095 | D:3      | Reached skill level 5 in Bows
  1095 | D:3      | Reached XP level 4. HP: 2/30 MP: 4/4
  1095 | D:3      | Reached XP level 5. HP: 2/35 MP: 5/5
  1095 | D:3      | HP: 1/35 [hound (1)]
  1097 | D:3      | Slain by a hound

Skill      XL: |  1  2  3 |
---------------+----------+-----
Fighting       | 2 |  2.7
Stealth        | 2 |  2.0
Short Blades   | 1 |  1.8
Bows           | 5 |  5.5
Dodging        | 3 |  3.3

Action                   |  1- 3 |  4- 6 || total
-------------------------+-------+-------++-------
Melee: Short sword       |    58 |     2 ||    60
 Fire: Shortbow          |    46 |       ||    46
Armor: Ring mail         |    27 |       ||    27
       Leather armour    |     2 |       ||     2
Dodge: Dodged            |    54 |     1 ||    55
